 Dungeon Crawl Stone Soup version 0.27.1-33-g824d729ab1 (webtiles) character file.

Game seed: 10348519183253623554

105 zeram the Skirmisher (level 4, 0/40 HPs)
             Began as a Hill Orc Fighter on Nov 28, 2021.
             Killed from afar by an orc wizard (1 damage)
             ... with a puff of flame
             ... on level 2 of the Dungeon.
             The game lasted 00:02:48 (1082 turns).

zeram the Skirmisher (Hill Orc Fighter)             Turns: 1082, Time: 00:02:49

Health: 0/40       AC:  9    Str: 18    XL:     4   Next: 81%
Magic:  4/4        EV:  7    Int:  9    God:
Gold:   7          SH:  9    Dex: 10    Spells: 3/3 levels left

rFire    . . .     SeeInvis .   j - +3 spear (pain)
rCold    . . .     Faith    .   c - +0 kite shield
rNeg     . . .     Spirit   .   b - +0 scale mail
rPois    .         Reflect  .   (no helmet)
rElec    .         Harm     .   (no cloak)
rCorr    .         Rampage  .   (no gloves)
Will     .....                  f - +1 pair of boots
Stlth    ..........             (no amulet)
HPRegen  0.13/turn              (no ring)
MPRegen  0.09/turn              (no ring)

@: mighty
A: no striking features
a: no special abilities


You were on level 2 of the Dungeon.
You visited 1 branch of the dungeon, and saw 2 of its levels.

You collected 7 gold pieces.

Inventory:

Hand Weapons
 a - a +0 war axe
 j - a +3 spear of pain (weapon)
Armour
 b - a +0 scale mail (worn)
 c - a +0 kite shield (worn)
 f - a +1 pair of boots (worn)
 i - a +0 robe
Scrolls
 e - a scroll of identify {unknown}
 g - a scroll of magic mapping {unknown}
 h - a scroll of noise {unknown}


   Skills:
 + Level 4.3 Fighting
 - Level 3.9 Axes
 + Level 4.1 Armour
 + Level 4.3 Shields


You had 3 spell levels left.
You didn't know any spells.
Your spell library was empty.

Dungeon Overview and Level Annotations

Branches:
Dungeon (2/15)

Altars:


Message History

The orc priest hits you but does no damage.
Something hits you. The goblin barely misses you.
You block the orc priest's attack.
You hit the orc priest.
The orc priest is almost dead.
Something hits you. You block the goblin's attack.
The orc priest hits you but does no damage.
You hear some strange, mumbled words.
A puff of flame appears from out of thin air!
The puff of flame hits you.
You closely miss the orc priest.
The orc priest is almost dead.
The goblin hits you with a +0 quarterstaff.
The orc priest hits you with a +0 falchion.
* * * LOW HITPOINT WARNING * * *
Something hits you but does no damage. The goblin hits you but does no damage.
Unknown command.
You puncture the orc priest!
You kill the orc priest!
Something hits you.
* * * LOW HITPOINT WARNING * * *
You block the goblin's attack.
Your Armour skill increases to level 4!
Unknown command.
Okay, then.
You hit the goblin.
You kill the goblin!
You hear some strange, mumbled words.
A puff of flame appears from out of thin air!
The puff of flame hits you!
* * * LOW HITPOINT WARNING * * *
Unknown command.
You feel very mighty all of a sudden. Something hits you but does no damage.
You closely miss something. Something hits you but does no damage.
You closely miss something.
You hear some strange, mumbled words.
A puff of flame appears from out of thin air!
The puff of flame hits you.
You die...

#.........##
#..#######..# #.
##.⌠.###.# #
##.....##.#######
#.......#........
#.......#..######
#....)..#..#
#....)){#.)#
#.....@.#..#
#.......#..#
.#......)#..#
............#
####........#
##########


There were no monsters in sight!

Vanquished Creatures
  An orc priest (D:2)
  An orc wizard (D:2)
  Robin (D:2)
  A dart slug (D:1)
  2 orcs (D:2)
  5 ball pythons
  2 endoplasms (D:1)
  A giant cockroach (D:1)
  13 goblins (D:2)
  A hobgoblin (D:1)
  A quokka (D:1)
  A bat (D:1)
  2 frilled lizards
  4 rats (D:1)
36 creatures vanquished.

Vanquished Creatures (others)
  5 toadstools (D:1)
5 creatures vanquished.

Grand Total: 41 creatures vanquished

Notes
Turn   | Place    | Note
-------+----------+-------------------------------------------
     0 | D:1      | zeram the Hill Orc Fighter began the quest for the Orb.
     0 | D:1      | Reached XP level 1. HP: 19/19 MP: 1/1
   118 | D:1      | Reached XP level 2. HP: 27/27 MP: 2/2
   698 | D:2      | Noticed Robin
   705 | D:2      | Reached XP level 3. HP: 32/33 MP: 3/3
   780 | D:2      | Killed Robin
  1068 | D:2      | Reached XP level 4. HP: 27/40 MP: 4/4
  1079 | D:2      | HP: 1/40 [something/puff of flame (7)]
  1082 | D:2      | Killed from afar by an orc wizard

Illustrated notes

Levels and vault maps discovered:
D:1:      ldierk_walled_garden, layout_loops_cross
D:2:      cheibrodos_pilgrimage, layout_basic, serial_glass, glass_columns_a,
          glass_columns_b, glass_columns_c, glass_columns_a, glass_columns_c,
          glass_columns_c, glass_columns_b, glass_columns_b,
          kennysheep_generic_room_14, uniq_robin

Skill      XL: |  1  2  3  4 |
---------------+-------------+-----
Axes           | 3 |  3.9
Fighting       | 4 |  4.3
Shields        | 4 |  4.3
Armour         | 4 |  4.1

Action                   |  1- 3 |  4- 6 || total
-------------------------+-------+-------++-------
Melee: War axe           |    77 |       ||    77
       Spear             |     9 |    11 ||    20
  Use: Potion            |       |     1 ||     1
Armor: Scale mail        |    38 |     6 ||    44
Dodge: Dodged            |    22 |     2 ||    24
Block: Kite shield       |    47 |     5 ||    52
